 Dungeon Crawl Stone Soup version 0.25-a0-1119-g28b6fd0c3b (webtiles) character file.

Game seed: 11772798016815379388, levelgen mode: deterministic

2635 MisterFreud the Carver (level 9, -7/61 HPs)
             Began as an Octopode Gladiator on May 18, 2020.
             Was a Follower of Cheibriados.
             Mangled by a cyan ugly thing (10 damage)
             ... on level 8 of the Dungeon.
             The game lasted 00:10:10 (8390 turns).

MisterFreud the Carver (Octopode Gladiator)         Turns: 8390, Time: 00:10:10

Health: -7/61      AC:  5    Str: 16    XL:     9   Next: 61%
Magic:  9/9        EV: 19    Int: 17    God:    Cheibriados [*.....]
Gold:   269        SH:  5    Dex: 16    Spells: 8/8 levels left

rFire    . . .     SeeInvis .   m - +0 scimitar
rCold    . . .     Gourm    .   e - +0 buckler
rNeg     . . .     Faith    .   b - +0 hat
rPois    .         Spirit   .   (no amulet)
rElec    .         Reflect  .   k - +4 ring of protection
rCorr    +         Harm     .   p - ring of resist corrosion
MR       .....                  (no ring)
Stlth    ++........             n - ring of wizardry
HPRegen  0.20/turn              (no ring)
MPRegen  0.11/turn              (no ring)
                                (no ring)
                                (no ring)

@: very slow
A: almost no armour, stealthy swim, amphibious, 8 rings, constrict 8, camouflage
1, gelatinous body 1
a: Bend Time, Renounce Religion


You were on level 8 of the Dungeon.
You worshipped Cheibriados.
Cheibriados was aware of your devotion.
You were not hungry.

You visited 2 branches of the dungeon, and saw 9 of its levels.

You collected 269 gold pieces.

Inventory:

Hand Weapons
 m - a +0 scimitar (weapon)
Missiles
 c - 5 throwing nets (quivered)
Armour
 b - a +0 hat (worn)
 e - a +0 buckler (worn)
Jewellery
 k - a +4 ring of protection (left tentacle)
 n - a ring of wizardry (on tentacle)
 p - a ring of resist corrosion (right tentacle)
Wands
 v - a wand of paralysis (13)
 A - a wand of random effects (13)
 F - a wand of polymorph (7)
Scrolls
 g - 3 scrolls of teleportation
 i - 4 scrolls of identify
 j - 3 scrolls of fog
 o - 2 scrolls of fear
 q - 3 scrolls of remove curse
 w - a scroll of blinking
 y - a scroll of enchant weapon {unknown}
 C - a scroll of enchant armour {unknown}
Potions
 f - 2 potions of flight
 h - a potion of lignification
 l - a potion of resistance {unknown}
 r - 3 potions of haste
 s - 2 potions of magic {unknown}
 t - 4 potions of stabbing {unknown}
 u - 3 potions of curing {unknown}
 x - a potion of might {unknown}
 z - a potion of degeneration {unknown}
 B - a potion of brilliance {unknown}
 D - a potion of berserk rage {unknown}
 E - a potion of heal wounds {unknown}
Comestibles
 d - 9 rations


   Skills:
 + Level 5.3 Fighting
 + Level 8.8 Long Blades
 - Level 2.0 Throwing
 - Level 8.0 Dodging
 - Level 4.0 Shields


You had 8 spell levels left.
You didn't know any spells.
Your spell library contained the following spells:

 Spells                   Type           Power        Failure   Level  Hunger
 Sting                    Tmut/Pois      #...         10%         1    ##.....
 Poisonous Vapours        Pois/Air       #.....       14%         2    ###....
 Ignite Poison            Fire/Tmut/Pois #.......     26%         3    ####...
 Mephitic Cloud           Conj/Pois/Air  #.......     26%         3    ####...
 Olgreb's Toxic Radiance  Pois           #.......     65%         4    #####..
 Bolt of Magma            Conj/Fire/Erth #.........   92%         5    ######.
 Iskenderun's Battlesphe  Conj/Chrm      #.......     92%         5    ######.
 Iron Shot                Conj/Erth      #.........   100%        6    #######
 Orb of Destruction       Conj           #.........   100%        7    #######
 Spellforged Servitor     Conj/Summ      #.........   100%        7    #######


Dungeon Overview and Level Annotations

Branches:
Dungeon (8/15)             Temple (1/1) D:7
   Lair: D:8-11

Altars:
Ashenzari
Cheibriados
Dithmenos
Elyvilon
Fedhas
Gozag
Hepliaklqana
Kikubaaqudgha
Makhleb
Nemelex Xobeh
Okawaru
Qazlal
Ru
Trog
Uskayaw
Vehumet
Wu Jian
Xom
Yredelemnul
The Shining One

Shops:
D:4 =   D:6 (

Annotations:
D:5 1 runed translucent door, Amnesiac's ghost, novice DEFi


Innate Abilities, Weirdness & Mutations

You cannot wear most types of armour.
You are very stealthy in the water. (Stealth+)
You are amphibious.
You can wear up to eight rings at the same time.
You can use your tentacles to constrict eight enemies at once.
Your skin changes colour to match your surroundings (Stealth+).
Your rubbery body absorbs attacks. (AC +1, EV +1)


Message History

You constrict the cyan ugly thing. You block the cyan ugly thing's attack.
You hit the cyan ugly thing.
The cyan ugly thing is heavily wounded.
You constrict the cyan ugly thing. The cyan ugly thing tail-slaps you.
The cyan ugly thing shocks you!
You hit the cyan ugly thing. You squeeze the cyan ugly thing!
The cyan ugly thing is severely wounded.
You constrict the cyan ugly thing. The cyan ugly thing tail-slaps you!
* * * LOW HITPOINT WARNING * * *
The cyan ugly thing shocks you!
* * * LOW HITPOINT WARNING * * *
Unknown command.
Unknown command.
Unknown command.
Okay, then.
Unknown command.
You hit the cyan ugly thing. You squeeze the cyan ugly thing.
The cyan ugly thing is almost dead.
You constrict the cyan ugly thing. The cyan ugly thing tail-slaps you!
You die...

..# #.# #.# #<# #.#
#.######.
...#####........
#..............?
#.# #.u....... #.#
#.@####### #.# #.)#
####.#####†.#######
#<....)...#(.......
#........().##.####
#...######..# ..
##.## #..# ## #.#
..... #.# ##.....


You could see a cyan ugly thing.

Vanquished Creatures
  Menkaure (D:5)
  A water moccasin (D:7)
  Duvessa (D:7)
  2 orc warriors
  3 ogres
  3 centaurs
  Blork the orc (D:5)
  5 bullfrogs
  Dowan (D:7)
  A wyvern skeleton (D:7)
  A scorpion (D:5)
  6 crimson imps
  3 howler monkeys (D:6)
  A centaur zombie (D:7)
  An orc priest (D:3)
  2 hounds
  An iguana (D:7)
  5 orc wizards
  5 worker ants
  11 gnolls
  10 adders
  A shadow imp (D:6)
  3 oozes
  An adder zombie (D:4)
  4 worms
  3 dart slugs
  7 leopard geckos
  30 orcs
  5 bats
  3 giant cockroaches
  11 goblins
  5 hobgoblins
  6 jackals
  2 quokkas
  3 frilled lizards
  2 jackal skeletons
  8 kobolds
  A leopard gecko skeleton (D:4)
  10 rats
170 creatures vanquished.

Vanquished Creatures (others)
  2 withered plants (D:5)
2 creatures vanquished.

Grand Total: 172 creatures vanquished

Notes
Turn   | Place    | Note
-------+----------+-------------------------------------------
     0 | D:1      | MisterFreud the Octopode Gladiator began the quest for the
                  | Orb.
     0 | D:1      | Reached XP level 1. HP: 14/14 MP: 1/1
   331 | D:1      | Reached XP level 2. HP: 20/20 MP: 2/2
  1104 | D:2      | Reached XP level 3. HP: 26/26 MP: 3/3
  1183 | D:2      | Reached XP level 4. HP: 17/33 MP: 4/4
  2257 | D:2      | Reached XP level 5. HP: 8/37 MP: 5/5
  2944 | D:3      | Reached skill level 5 in Long Blades
  2990 | D:3      | Found a shimmering altar of Xom.
  3049 | D:3      | Reached XP level 6. HP: 43/43 MP: 6/6
  3460 | D:3      | Found a bloodstained altar of Trog.
  3462 | D:3      | Found a radiant altar of Vehumet.
  3478 | D:3      | Found a faded altar of an unknown god.
  3860 | D:4      | HP: 2/43 [something/magic dart (6)]
  4331 | D:4      | Found a bloodstained altar of Trog.
  4429 | D:4      | Reached XP level 7. HP: 48/48 MP: 7/7
  4871 | D:4      | Found Yworr's Jewellery Boutique.
  5100 | D:5      | Entered Level 5 of the Dungeon
  5119 | D:5      | Noticed Blork the orc
  5126 | D:5      | Killed Blork the orc
  5126 | D:5      | Reached skill level 5 in Dodging
  5568 | D:5      | Paralysed by an orc for 5 turns
  6114 | D:5      | Found a runed translucent door.
  6114 | D:5      | Noticed Amnesiac's ghost (novice DEFi)
  6116 | D:5      | Noticed Menkaure
  6122 | D:5      | Killed Menkaure
  6122 | D:5      | Reached XP level 8. HP: 48/54 MP: 8/8
  6334 | D:5      | Found a sacrificial altar of Ru.
  6858 | D:6      | Found a sparkling altar of Nemelex Xobeh.
  6967 | D:6      | Reached skill level 1 in Shields
  6998 | D:6      | Found Ficiv's Weapon Shop.
  7407 | D:7      | Found a staircase to the Ecumenical Temple.
  7426 | D:7      | Reached XP level 9. HP: 58/58 MP: 9/9
  7435 | Temple   | Entered the Ecumenical Temple
  7505 | Temple   | Became a worshipper of Cheibriados the Contemplative
  7543 | D:7      | Found a shadowy altar of Dithmenos.
  8000 | D:7      | Noticed Dowan
  8001 | D:7      | Noticed Duvessa
  8011 | D:7      | Killed Duvessa
  8017 | D:7      | Killed Dowan
  8042 | D:7      | Reached * piety under Cheibriados
  8346 | D:8      | Noticed a cyan ugly thing
  8357 | D:8      | Reached skill level 5 in Fighting
  8389 | D:8      | HP: 3/61 [cyan ugly thing (15)]
  8390 | D:8      | Mangled by a cyan ugly thing

Illustrated notes

Levels and vault maps discovered:
D:1:      scummos_arrival_hexagon, layout_loops_corners
D:2:      minmay_wonky_spiral, layout_basic, chequers_serial_rivers_marsh
D:3:      kennysheep_the_goblin_king, layout_loops_ring,
          grunt_temple_overflow_open, chequers_ecumenical_altar_grove,
          led_xom_imps
D:4:      layout_gridville, first_ration, serial_shops, nicolae_shop_trees,
          trog_butcher_becter
D:5:      layout_basic, kennysheep_mini, gammafunk_ghost_grave,
          uniq_blork_the_orc, uniq_menkaure
D:6:      layout_rooms, nemelex_xobeh_ov_fountains_minmay, serial_shops, shop
D:7:      layout_cave_pools, minmay_temple_entry_crystal_x, basic_altar,
          minmay_bent, uniq_duvessa
D:8:      layout_loops_ring, david_nohive_1
Temple:   eino_temple_rhombus

Skill      XL: |  1  2  3  4  5  6  7  8  9 |
---------------+----------------------------+-----
Fighting       | 3 4 5 |  5.3
Long Blades    | 4 5 6 7 8 |  8.8
Dodging        | 4 7 8 |  8.0
Shields        | 3 4 |  4.0
Throwing       | |  2.0

Action                   |  1- 3 |  4- 6 |  7- 9 || total
-------------------------+-------+-------+-------++-------
Melee: Long sword        |    39 |   153 |   130 ||   322
       Constrict         |    16 |    49 |    58 ||   123
       Tentacles         |     8 |    34 |    55 ||    97
       Scimitar          |       |       |    80 ||    80
  Use: Potion            |       |     4 |     1 ||     5
       Scroll            |       |     4 |     2 ||     6
 Stab: Sleeping          |     2 |     7 |     2 ||    11
       Distracted        |       |       |     1 ||     1
  Eat: Chunk             |     1 |    10 |    12 ||    23
Armor: Skin              |     4 |    49 |    34 ||    87
Dodge: Dodged            |    37 |    83 |   152 ||   272
Block: Buckler           |       |       |    33 ||    33
       Rpst.: Long sword |     8 |    24 |    28 ||    60
       Scimitar          |       |       |    17 ||    17

Table legend:
 A = Non-vault XP
 B = Vault XP
 C = Vault XP percentage of total XP
 D = Non-vault monster count
 E = Vault monster count
 F = Vault count percentage of total count
                 A         B        C        D         E       F
            +---------+---------+-------+---------+---------+-------
      Total |    2856 |     909 |  24.1 |     141 |      29 |  17.1
            +---------+---------+-------+---------+---------+-------
        D:1 |      31 |       0 |   0.0 |      19 |       0 |   0.0
        D:2 |     112 |       7 |   5.9 |      20 |       4 |  16.7
        D:3 |     179 |     154 |  46.2 |      27 |      10 |  27.0
        D:4 |     239 |      12 |   4.8 |      20 |       4 |  16.7
        D:5 |     466 |     264 |  36.2 |      15 |       2 |  11.8
        D:6 |     866 |       0 |   0.0 |      22 |       0 |   0.0
        D:7 |     433 |     472 |  52.2 |      11 |       9 |  45.0
        D:8 |     530 |       0 |   0.0 |       7 |       0 |   0.0
            +---------+---------+-------+---------+---------+-------
